 Dungeon Crawl Stone Soup version 0.28-a0-563-gf77a47075d (webtiles) character file.

Game seed: 6652652607157182042

207 BR41ND34D the Magician (level 6, 0/43 HPs)
             Began as a Djinni Venom Mage on Sept 29, 2021.
             Slain by a gnoll (7 damage)
             ... on level 4 of the Dungeon.
             The game lasted 00:18:50 (4914 turns).

BR41ND34D the Magician (Djinni Venom Mage)          Turns: 4914, Time: 00:18:50

Health: 0/43       AC:  2    Str:  7    XL:     6   Next: 10%
Gold:   93         EV: 13    Int: 19    God:
                   SH:  0    Dex: 13

rFire   + + .      SeeInvis .   l - +0 dagger
rCold   x . .      Faith    .   (no shield)
rNeg    . . .      Spirit   .   a - +0 robe
rPois   ∞          Reflect  .   (no helmet)
rElec   .          Harm     .   (no cloak)
rCorr   .          Rampage  .   (no gloves)
Will    .....                   (boots unavailable)
Stlth   ++........              (no amulet)
HPRegen 0.14/turn               (no ring)
MPRegen 0.00/turn               (no ring)

@: flying
A: sickness immunity, fire resistance 2, cold vulnerability 1, float, innate
caster, hp casting, extra vitality 1
a: no special abilities


You were on level 4 of the Dungeon.
You visited 1 branch of the dungeon, and saw 4 of its levels.

You collected 93 gold pieces.

Inventory:

Hand Weapons
 l - a +0 dagger (weapon)
 n - a +0 long sword
Missiles
 o - 2 boomerangs (quivered)
 p - 13 poisoned darts
Armour
 a - a +0 robe (worn)
 b - a +0 robe
Scrolls
 c - 2 scrolls of enchant armour {unknown}
 f - 2 scrolls of fog {unknown}
 g - 2 scrolls of enchant weapon {unknown}
 h - 3 scrolls of identify {unknown}
 k - a scroll of silence {unknown}
 r - a scroll of teleportation {unknown}
Potions
 d - a potion of haste {unknown}
 e - 2 potions of attraction {unknown}
 i - a potion of invisibility {unknown}
 j - a potion of flight {unknown}
 m - a potion of heal wounds {unknown}
 q - a potion of cancellation {unknown}
 s - a potion of degeneration {unknown}


   Skills:
 + Level 2.1 Fighting
 + Level 3.4 Dodging
 + Level 2.7 Stealth
 * Level 3.5 Spellcasting


You couldn't memorise any spells.
You knew the following spells:

 Your Spells              Type           Power      Damage    Failure   Level
a - Sting                 Tmut/Pois      68%        1d6       3%          1
b - Poisonous Vapours     Pois/Air       34%        N/A       4%          2
c - Mephitic Cloud        Conj/Pois/Air  17%        N/A       10%         3
d - Olgreb's Toxic Radia  Pois           17%        N/A       32%         4
e - Beastly Appendage     Tmut           34%        N/A       3%          1
f - Slow                  Hex            17%        N/A       4%          2
Your spell library was empty.

Dungeon Overview and Level Annotations

Branches:
Dungeon (4/15)             Temple (0/1) D:4

Altars:


Innate Abilities, Weirdness & Mutations

You are immune to sickness and miasma.
You are immune to poison.
Your flesh is very heat resistant. (rF++)
You are vulnerable to cold. (rC-)
You float through the air rather than walking.
You learn spells naturally, not from books.
Your magical power is your life essence.
You have superior vitality. (+4 HP)


Message History

Aim: a gnoll, wielding a +0 halberd (noxious fumes, severely wounded, confused, 94% to hit)
The sting hits the gnoll.
The gnoll is poisoned.
The gnoll is almost dead.
The gnoll is engulfed in noxious fumes.
You kill the gnoll!
Casting: Sting (safe; 3% risk of failure)
Confirm with . or Enter, or press ? or * to list all spells.
Aiming: Sting (safe; 3% risk of failure)
Press: ? - help, Shift-Dir - straight line, f - gnoll
Aim: a gnoll, wielding a +0 whip (moderately wounded, confused, 94% to hit)
The sting misses the gnoll.
The gnoll sergeant is engulfed in noxious fumes.
The gnoll sergeant appears confused.
The gnoll is engulfed in noxious fumes.
The gnoll appears confused.
The gnoll sergeant hits the gnoll with a +0 trident!
The gnoll sergeant hits itself with a +0 trident!
Found a staircase to the Ecumenical Temple.
The gnoll is engulfed in noxious fumes.
The gnoll appears confused.
You kill the gnoll!
Casting: Sting (safe; 3% risk of failure)
Confirm with . or Enter, or press ? or * to list all spells.
Aiming: Sting (safe; 3% risk of failure)
Press: ? - help, Shift-Dir - straight line, f - gnoll, p - gnoll
Aim: a gnoll, wielding a +0 flail (77% to hit)
The sting hits the gnoll.
The gnoll is poisoned.
The gnoll is lightly wounded.
The gnoll sergeant chortles and stares into space.
The gnoll hits you with a +0 flail.
Casting: Sting (safe; 3% risk of failure)
Confirm with . or Enter, or press ? or * to list all spells.
Aiming: Sting (safe; 3% risk of failure)
Press: ? - help, Shift-Dir - straight line, f/p - gnoll
Aim: a gnoll, wielding a +0 flail (moderately wounded, poisoned, 77% to hit)
The sting hits the gnoll.
The gnoll looks even sicker.
The gnoll is heavily wounded.
The gnoll hits you with a +0 flail!
* * * LOW HITPOINT WARNING * * *
The gnoll says, "I'm a little confused."
The gnoll hits you with a +0 flail!
You die...

#.. #....#
##..###..).#
#.......<..##
##.#...g.g...#
#............#
..#.#....g...#
#.###[.....#
...##...###....#
...#..?@g...#..#
..##[.>..##....#
#........#.....#
..###...##.....#
# ###.#...####
...#.#...#
........###
#.#..#.#


You could see 2 gnolls.

Vanquished Creatures
  An orc priest (D:3)
  An orc wizard (D:3)
  6 adders
  2 gnolls (D:4)
  3 worms (D:3)
  3 dart slugs (D:1)
  6 orcs
  5 ball pythons
  3 endoplasms
  A giant cockroach (D:1)
  3 goblins (D:1)
  4 hobgoblins
  5 quokkas
  6 bats
  4 frilled lizards
  4 kobolds
  10 rats
67 creatures vanquished.

Notes
Turn   | Place    | Note
-------+----------+-------------------------------------------
     0 | D:1      | BR41ND34D the Djinni Venom Mage began the quest for the
                  | Orb.
     0 | D:1      | Reached XP level 1. HP: 15/15 MP: 0/0
   206 | D:1      | Reached XP level 2. HP: 20/22 MP: 0/0
   797 | D:1      | Reached XP level 3. HP: 21/26 MP: 0/0
   797 | D:1      | Learned a level 1 spell: Beastly Appendage
   988 | D:1      | Reached skill level 1 in Fighting
  1390 | D:1      | Found a faded altar of an unknown god.
  2053 | D:2      | Reached XP level 4. HP: 23/32 MP: 0/0
  3312 | D:3      | Reached XP level 5. HP: 27/37 MP: 0/0
  3312 | D:3      | Learned a level 2 spell: Slow
  4626 | D:3      | Reached XP level 6. HP: 39/43 MP: 0/0
  4904 | D:4      | Found a staircase to the Ecumenical Temple.
  4914 | D:4      | Slain by a gnoll

Illustrated notes

Levels and vault maps discovered:
D:1:      minmay_arrival_checkered_box, layout_basic,
          shapermc_ecumenical_altar_notcrosses, serial_forest,
          infiniplex_forest_diagonal, infiniplex_forest_lined_room_2,
          infiniplex_forest_clump_curved, infiniplex_forest_fountain,
          minmay_misc_feat_plants, minmay_misc_feat_cross
D:2:      layout_rooms, lemuel_another_geyser
D:3:      layout_basic, minmay_between
D:4:      layout_basic, minmay_temple_entry_slanted, kennysheep_generic_room_16

Skill      XL: |  1  2  3  4  5 |
---------------+----------------+-----
Stealth        | 2 |  2.7
Fighting       | 1 2 |  2.1
Spellcasting   | 3 |  3.5
Dodging        | 3 |  3.4

Action                   |  1- 3 |  4- 6 || total
-------------------------+-------+-------++-------
Melee: Unarmed           |    19 |       ||    19
       Headbutt          |     3 |     2 ||     5
       Dagger            |     1 |    27 ||    28
Throw: Boomerang         |       |     2 ||     2
 Cast: Sting             |    18 |    27 ||    45
       Poisonous Vapours |    22 |    47 ||    69
       Beastly Appendage |     3 |     2 ||     5
       Mephitic Cloud    |       |     4 ||     4
 Stab: Sleeping          |     1 |       ||     1
Armor: Robe              |     7 |     5 ||    12
Dodge: Dodged            |     8 |    29 ||    37

Table legend: (Time is in decaauts)
 A = Elapsed time spent in this place.
 B = Non-inter-level travel time spent in this place.
 C = Inter-level travel time spent in this place.
 D = Time resting spent in this place.
 E = Time spent auto-exploring this place.
 F = Levels seen in this place.
 G = Mean time per level.
                   A        B        C        D        E       F      G
               +--------+--------+--------+--------+--------+-----+--------+
         Total |   4916 |   4698 |    218 |    784 |   3248 |   4 | 1229.0 |
       Dungeon |   4916 |   4698 |    218 |    784 |   3248 |   4 | 1229.0 |
               +--------+--------+--------+--------+--------+-----+--------+

Top non-repeatable levels by time:
     D:3: 1782 daAuts
     D:1: 1653 daAuts
     D:2: 1463 daAuts
     D:4: 16 daAuts
